 Dungeon Crawl Stone Soup version 0.29.1-1-gd02db6906a (webtiles) character file.

Game seed: 15577580998147449777

13 H0rd4k the Insei (level 2, 0/18 HPs)
             Began as an Octopode Transmuter on Oct 18, 2022.
             Slain by Jessica
             ... wielding a +0 club
              (5 damage)
             ... on level 2 of the Dungeon.
             The game lasted 00:00:34 (792 turns).

H0rd4k the Insei (Octopode Transmuter)               Turns: 792, Time: 00:00:34

Health: 0/18       AC:  1    Str:  9    XL:     2   Next: 37%
Magic:  5/5        EV: 13    Int: 15    God:
Gold:   63         SH:  0    Dex: 12    Spells: 4/5 levels left

rFire   . . .      SeeInvis .     - Unarmed
rCold   . . .      Faith    .   (no shield)
rNeg    . . .      Spirit   .   (helmet restricted)
rPois   .          Reflect  .   (no amulet)
rElec   .          Harm     .   (no ring)
rCorr   .          Rampage  .   (no ring)
Will    .....                   (no ring)
Stlth   ++........              (no ring)
HPRegen 0.06/turn               (no ring)
MPRegen 0.09/turn               (no ring)
                                (no ring)
                                (no ring)

@: no status effects
A: almost no armour, amphibious, 8 rings, camouflage 1, gelatinous body 1,
(nimble swimmer 1), tentacles
a: no special abilities


You were on level 2 of the Dungeon.
You visited 1 branch of the dungeon, and saw 2 of its levels.

You collected 63 gold pieces.

Inventory:

Scrolls
 b - a scroll of noise {unknown}
 f - a scroll of blinking {unknown}
Potions
 a - a potion of lignification
 c - a potion of curing {unknown}
 d - 2 potions of mutation {unknown}
 e - a potion of attraction {unknown}


   Skills:
 + Level 1.0 Fighting
 + Level 2.0 Dodging
 + Level 0.5 Stealth
 + Level 3.5 Unarmed Combat
 + Level 2.0 Spellcasting
 + Level 2.0 Transmutations


You had 4 spell levels left.
You knew the following spells:

 Your Spells              Type           Power      Damage    Failure   Level
a - Beastly Appendage     Tmut           14%        N/A       10%         1

Your spell library contained the following spells:

 Spells                   Type           Power      Damage    Failure   Level
 Wereblood                Tmut           7%         N/A       14%         2
 Blink                    Tloc           2%         N/A       32%         2
 Spider Form              Tmut/Pois      4%         N/A       41%         3
 Ice Form                 Ice/Tmut       4%         N/A       82%         4
 Manifold Assault         Tloc           1%         N/A       99%         5
 Storm Form               Tmut/Air       2%         N/A       100%        7


Dungeon Overview and Level Annotations

Branches:
Dungeon (2/15)

Altars:

Shops:
D:1 =

Annotations:
D:2 Jessica


Innate Abilities, Weirdness & Mutations

You cannot wear most types of armour.
You are amphibious.
You can wear up to eight rings at the same time.
Your skin changes colour to match your surroundings (Stealth+).
Your rubbery body absorbs attacks. (AC +1, EV +1)
((You are camouflaged when in or above water. (Stealth+)))
You have tentacles for arms and can constrict up to eight enemies at once.


Message History

No target in view!
Unknown command.
No target in view!
Done exploring.
Done exploring.
No target in view!
Done exploring.
No target in view!
Done exploring.
No target in view!
(D) Dungeon
Where to? (? - help)
You see here a +0 club.
There is a stone staircase leading down here.
You climb downwards.
There is a stone staircase leading up here.
Jessica the Apprentice Sorceress comes into view.
She is wielding a +0 club and wearing a +2 robe of positive energy.
Jessica shouts!
Jessica is nearby!
Jessica casts a spell.
Jessica blinks!
Jessica is nearby!
You tentacle-slap Jessica. You grab Jessica.
You squeeze Jessica, but do no damage.
Jessica is moderately wounded.
You constrict Jessica.
Jessica points at you and mumbles some strange words.
Pain shoots through your body!
Ouch! That really hurt!
* * * LOW HITPOINT WARNING * * *
Jessica is nearby!
You release your grip on Jessica.
Jessica shouts, "I don't like beings like you!"
You tentacle-slap Jessica but do no damage.
Your grab misses Jessica.
Jessica is heavily wounded.
You tentacle-slap Jessica. Your grab misses Jessica.
Jessica is severely wounded.
Jessica hits you with a +0 club.
You die...

#.# #.# #.#
#.# #.# #
#.#
.##..####.#
.......<.@#
.##..####@#
# #.# #.#
#.# #.# #.#
..# ###


You could see Jessica.

Vanquished Creatures
  A bat (D:1)
  3 endoplasms (D:1)
  A goblin (D:1)
  A quokka (D:1)
  3 ball pythons (D:1)
  A kobold (D:1)
  2 rats (D:1)
12 creatures vanquished.

Notes
Turn   | Place    | Note
-------+----------+-------------------------------------------
     0 | D:1      | H0rd4k the Octopode Transmuter began the quest for the Orb.
     0 | D:1      | Reached XP level 1. HP: 13/13 MP: 3/3
   418 | D:1      | Reached XP level 2. HP: 16/18 MP: 5/5
   756 | D:1      | Found Raschamit's Jewellery Boutique.
   786 | D:2      | Noticed Jessica
   792 | D:2      | Slain by Jessica

Illustrated notes

Levels and vault maps discovered:
D:1:      minmay_arrival_semitransparent, layout_loops_ring, serial_shops, shop,
          grunt_decor_mini_mirrors
D:2:      layout_loops_ring, uniq_jessica, uniq_natasha,
          uniq_crazy_yiuf_cottage, uniq_sigmund

Action                   || total
-------------------------++-------
Melee: Unarmed           ||    34
       Constrict         ||     7
       Tentacles         ||     5
       Punch             ||     1
 Stab: Sleeping          ||     6
Dodge: Dodged            ||    17
